Map: Ephemeron LE

Players

Serral - Winner!

  • Race: Zerg Zerg
  • Spawn Location: 11:00

HeRoMaRinE

  • Race: Terran Terran
  • Spawn Location: 5:00

VOD

Have the link to the VOD?

Description

Time

  • Played on: Sept. 8, 2019, 1:42 p.m.
  • Length: 16:43
Show
View Real Time Build Order
Export as new Build Order

Serral Zerg - Winner!

Build Orders: Hatch First, Brood Lord Corruptor 

Get SALT Encoding   

  12  0:00  Drone  
  13  0:12  Overlord  
  13  0:17  Drone  
  14  0:31  Drone  
  15  0:39  Drone  
  16  0:49  Hatchery  
  15  0:52  Drone  
  15  0:56  Drone  
  17  1:00  Drone  
  18  1:10  Extractor  
  17  1:15  Spawning Pool  
  16  1:19  Drone  
  16  1:21  Drone  
  18  1:28  Drone  
  19  1:39  Drone  
  20  1:49  Overlord  
  20  2:01  Queen x2  
  20  2:02  Zergling x2  
  20  2:03  Zergling x2  
  26  2:13  Drone x2  
  26  2:14  Metabolic Boost  
  28  2:23  Drone x2  
  30  2:37  Hatchery  
  30  2:41  Drone  
  30  2:45  Queen  
  30  2:50  Overlord  
  32  2:54  Drone  
  32  2:55  Drone  
  32  2:58  Drone  
  35  3:00  Drone  
  36  3:10  Drone x2  
  36  3:12  Overlord  
  38  3:14  Zergling x2  
  38  3:15  Drone  
  38  3:16  Drone  
  41  3:20  Drone  
  41  3:22  Queen  
  44  3:30  Drone x2  
  46  3:34  Lair  
  46  3:39  Zergling x2  
  46  3:40  Overlord  
  47  3:48  Drone  
  47  3:49  Queen  
  47  3:51  Drone  
  47  3:52  Drone  
  47  3:54  Drone x3  
  47  3:55  Drone  
  55  3:56  Drone  
  56  4:04  Roach Warren, Drone  
  56  4:08  Zergling x4  
  56  4:09  Drone  
  59  4:12  Overlord  
  59  4:14  Drone  
  59  4:15  Drone  
  59  4:16  Drone  
  62  4:18  Zergling x2  
  62  4:21  Drone x2  
  65  4:30  Queen  
  67  4:31  Overseer  
  67  4:34  Drone, Extractor  
  67  4:35  Extractor, Drone x3  
  67  4:37  Overlord  
  69  4:42  Overlord  
  69  4:45  Roach x2  
  73  4:57  Zergling x8  
  71  5:00  Drone x3  
  71  5:01  Drone x3  
  71  5:06  Drone  
  71  5:07  Drone  
  71  5:08  Spore Crawler  
  71  5:10  Spore Crawler  
  71  5:13  Drone  
  71  5:14  Spore Crawler  
  69  5:17  Drone  
  69  5:20  Drone x2  
  70  5:24  Glial Reconstitution  
  70  5:27  Drone  
  70  5:28  Queen x3  
  73  5:34  Overlord  
  73  5:35  Drone  
  78  5:36  Extractor  
  78  5:38  Extractor, Drone  
  78  5:42  Drone x2  
  79  5:48  Drone  
  80  5:52  Roach  
  80  5:53  Roach  
  84  6:01  Overlord  
  84  6:03  Roach x2  
  88  6:06  Roach  
  88  6:09  Overlord  
  88  6:10  Overlord x2  
  88  6:11  Overseer  
  90  6:15  Overlord  
  90  6:19  Overlord  
  90  6:21  Roach  
  90  6:23  Roach  
  94  6:26  Roach  
  94  6:28  Nydus Network  
  94  6:30  Roach  
  97  6:33  Roach  
  97  6:34  Ravager x3  
  97  6:37  Roach  
  97  6:38  Roach  
  108  6:40  Roach x4  
  108  6:44  Roach x3  
  120  6:48  Roach x2  
  120  6:52  Roach x2  
  128  6:58  Roach  
  130  7:05  Roach x2  
  134  7:09  Roach  
  134  7:12  Nydus Canal  
  134  7:13  Overlord  
  136  7:17  Nydus Canal  
  125  7:30  Roach x2  
  125  7:34  Roach x5  
  137  7:37  Roach x2  
  133  7:46  Roach  
  133  7:48  Roach x4  
  133  7:50  Roach  
  120  7:51  Roach  
  120  7:52  Queen x3  
  120  7:55  Spire  
  120  7:58  Nydus Canal  
  118  7:59  Drone x2  
  118  8:01  Drone  
  121  8:08  Drone x2  
  121  8:12  Drone  
  122  8:16  Drone  
  122  8:17  Drone  
  122  8:19  Extractor  
  113  8:20  Drone  
  113  8:21  Evolution Chamber, Drone  
  113  8:25  Drone  
  113  8:26  Drone  
  116  8:29  Spore Crawler  
  116  8:31  Hatchery  
  116  8:32  Spore Crawler  
  116  8:33  Drone  
  114  8:34  Spore Crawler  
  113  8:44  Ravager x3  
  113  8:45  Roach x3  
  122  8:50  Overseer  
  122  8:51  Pneumatized Carapace  
  122  8:56  Drone x2  
  122  8:59  Drone x2  
  122  9:00  Drone x2  
  128  9:07  Zerg Missile Weapons Level 1  
  128  9:12  Zerg Flyer Weapons Level 1  
  128  9:14  Infestation Pit  
  127  9:20  Overlord x3  
  127  9:23  Drone x7  
  134  9:32  Overlord x2  
  134  9:34  Spore Crawler, Extractor  
  134  9:36  Drone  
  134  9:38  Extractor  
  132  9:40  Drone x9  
  141  9:50  Evolution Chamber  
  140  9:53  Hive  
  140  9:54  Corruptor x2  
  144  10:04  Corruptor  
  144  10:05  Corruptor x2  
  148  10:07  Nydus Canal  
  148  10:15  Corruptor x2  
  148  10:16  Ravager  
  148  10:17  Zerg Melee Weapons Level 1  
  147  10:26  Drone x7  
  152  10:28  Nydus Canal  
  152  10:29  Drone x3  
  155  10:46  Corruptor  
  155  10:47  Corruptor x2  
  151  11:06  Zerg Missile Weapons Level 2  
  151  11:07  Corruptor, Greater Spire  
  153  11:13  Baneling Nest  
  152  11:19  Hatchery  
  152  11:20  Spine Crawler, Drone  
  152  11:21  Spine Crawler  
  152  11:23  Spore Crawler  
  152  11:25  Roach x4  
  157  11:29  Ravager  
  157  11:30  Ravager x2  
  157  11:32  Roach x2  
  166  11:33  Roach x2  
  166  11:38  Overlord  
  168  11:48  Drone x3  
  168  11:49  Drone x4  
  168  11:51  Zergling x6, Roach x3  
  180  12:04  Nydus Canal  
  180  12:05  Extractor  
  180  12:06  Roach  
  180  12:07  Zergling x14, Roach x2, Extractor  
  191  12:10  Spore Crawler, Corruptor, Spine Crawler  
  191  12:11  Pathogen Glands  
  191  12:12  Burrow  
  191  12:14  Overlord  
  166  12:23  Roach  
  166  12:24  Roach x4  
  166  12:29  Drone  
  175  12:36  Overlord x2  
  173  12:37  Brood Lord x2  
  173  12:38  Brood Lord x6  
  173  12:43  Zerg Melee Weapons Level 2, Centrifical Hooks  
  187  12:44  Zerg Flyer Weapons Level 2  
  187  12:53  Spine Crawler  
  187  12:56  Spine Crawler, Corruptor x2  
  189  13:05  Corruptor x3  
  194  13:14  Corruptor x3  
  198  13:33  Baneling x4  
  196  13:43  Zerg Missile Weapons Level 3  
  196  13:47  Nydus Canal  
  193  13:49  Corruptor x2  
  193  13:50  Corruptor x3  
  192  13:55  Zergling x10  
  197  14:09  Overseer  
  192  14:17  Corruptor, Hatchery  
  192  14:23  Corruptor  
  191  14:29  Neural Parasite  
  189  14:39  Overlord  
  189  14:40  Nydus Canal  
  189  14:41  Overlord  
  189  14:50  Hatchery  
  189  14:51  Overlord x2  
  186  14:59  Baneling  
  186  15:00  Baneling x8  
  186  15:18  Zergling x4  
  186  15:19  Zergling x24  
  185  15:28  Roach  
  185  15:29  Zergling x22, Roach x2  
  175  15:47  Baneling  
  175  15:48  Baneling x6  
  171  15:56  Roach x2  
  167  15:57  Corruptor  
  163  16:05  Infestor x5  
  163  16:10  Roach x3  
  163  16:11  Roach x2  
  166  16:12  Baneling  
  166  16:13  Baneling x5  
  166  16:14  Ravager x3  
  165  16:23  Roach  
  165  16:24  Zergling x30, Roach x6  
Show
View Real Time Build Order
Export as new Build Order

HeRoMaRinE Terran 

Build Orders: Hellion Opening, Reaper Expand, Mech 

Get SALT Encoding   

  12  0:00  SCV  
  13  0:13  SCV  
  14  0:17  Supply Depot  
  14  0:25  SCV  
  15  0:38  SCV  
  15  0:40  Barracks  
  16  0:43  Refinery  
  16  0:50  SCV  
  17  1:03  SCV  
  18  1:15  SCV  
  19  1:28  Orbital Command, Reaper  
  20  1:39  Command Center  
  20  1:48  Supply Depot  
  20  1:53  SCV  
  21  2:00  Marine  
  22  2:05  SCV  
  23  2:09  Factory  
  23  2:13  Refinery  
  23  2:18  SCV  
  24  2:23  Barracks Reactor  
  24  2:30  SCV  
  25  2:48  SCV  
  25  2:50  Orbital Command  
  26  2:55  Starport  
  26  3:00  SCV  
  27  3:07  Hellion x2  
  27  3:12  SCV  
  32  3:16  SCV  
  33  3:24  SCV  
  33  3:26  Supply Depot  
  34  3:28  SCV, Hellion x2  
  39  3:35  Fusion Core  
  39  3:36  SCV  
  39  3:37  Viking  
  39  3:40  SCV  
  43  3:44  Supply Depot  
  43  3:48  SCV  
  43  3:50  Hellion  
  43  3:51  Hellion  
  43  3:52  SCV  
  49  4:00  SCV  
  50  4:04  SCV  
  50  4:07  Starport Tech Lab  
  51  4:13  SCV  
  51  4:16  SCV  
  53  4:21  Command Center  
  53  4:30  SCV x2  
  55  4:31  Supply Depot  
  55  4:34  Battlecruiser  
  55  4:38  Factory Tech Lab  
  62  4:42  Refinery  
  62  4:43  SCV, Refinery  
  62  4:53  Marine x2, SCV  
  62  4:58  SCV  
  64  5:05  SCV  
  61  5:07  Siege Tank  
  61  5:10  SCV  
  61  5:11  Marine x2  
  61  5:12  Supply Depot  
  64  5:17  SCV  
  61  5:23  SCV  
  61  5:27  Supply Depot  
  62  5:29  SCV  
  62  5:30  Factory  
  62  5:32  Factory  
  62  5:35  SCV  
  66  5:41  SCV  
  67  5:45  Refinery  
  67  5:49  SCV  
  66  5:51  Battlecruiser  
  66  5:52  Refinery  
  66  5:54  SCV  
  72  6:00  Hellion  
  72  6:01  SCV, Hellion  
  77  6:06  SCV, Orbital Command  
  78  6:12  Weapon Refit  
  78  6:13  SCV  
  78  6:18  Factory Tech Lab, SCV  
  81  6:25  SCV, Supply Depot  
  81  6:26  Mag-Field Accelerator, Cyclone, Supply Depot  
  81  6:30  SCV  
  85  6:34  SCV  
  85  6:36  Supply Depot, Engineering Bay  
  85  6:37  SCV  
  90  6:42  SCV  
  90  6:43  Armory  
  90  6:46  SCV, Armory  
  92  6:49  SCV  
  92  6:52  Hellion  
  92  6:53  Hellion  
  97  6:54  SCV  
  97  6:58  SCV  
  97  6:59  Supply Depot x2  
  97  7:01  SCV  
  97  7:02  Siege Tank x2  
  97  7:05  Banshee  
  97  7:06  SCV  
  102  7:10  SCV  
  102  7:13  SCV  
  102  7:14  Hellion x2  
  105  7:18  SCV  
  105  7:22  SCV  
  100  7:25  SCV  
  97  7:30  SCV  
  97  7:34  Siege Tank x2  
  97  7:35  Hellion  
  95  7:51  Hellion  
  86  7:52  SCV x3  
  86  7:57  Hellion  
  87  8:04  SCV x2  
  85  8:07  Cyclone x2  
  85  8:08  Orbital Command  
  86  8:16  SCV x2  
  86  8:19  Hellion x2  
  87  8:25  Refinery  
  87  8:28  SCV x2  
  89  8:39  Supply Depot  
  89  8:42  Supply Depot  
  89  8:46  Hellion x2, Terran Vehicle And Ship Armor Level 1, Terran Vehicle Weapons Level 1  
  89  8:48  Command Center  
  91  8:49  SCV x2  
  93  9:06  Cyclone x2  
  93  9:07  SCV  
  93  9:08  SCV  
  101  9:20  Refinery  
  101  9:23  Factory, Refinery  
  101  9:25  Factory  
  101  9:26  SCV x2  
  101  9:27  Supply Depot  
  103  9:33  Orbital Command  
  103  9:35  Supply Depot  
  103  9:38  SCV x2  
  105  9:43  Siege Tank  
  108  9:49  Siege Tank  
  108  9:50  SCV x2  
  108  9:52  Supply Depot  
  113  10:00  Supply Depot  
  113  10:01  SCV  
  113  10:02  SCV x2, Orbital Command  
  111  10:08  Siege Tank  
  111  10:11  Infernal Pre-Igniter  
  111  10:13  SCV, Factory Reactor  
  117  10:23  Cyclone  
  118  10:29  Cyclone, Engineering Bay  
  118  10:32  Hellion x2  
  122  10:35  SCV  
  122  10:36  SCV x3  
  123  10:44  Cyclone  
  123  10:48  SCV  
  123  10:49  SCV  
  123  10:50  SCV  
  123  10:55  Cyclone  
  123  10:56  SCV  
  126  11:00  SCV  
  118  11:04  Missile Turret  
  118  11:06  Cyclone  
  118  11:07  Missile Turret  
  118  11:10  Refinery  
  118  11:11  Refinery  
  121  11:13  Supply Depot  
  121  11:14  Supply Depot  
  121  11:15  Hellion  
  121  11:18  Hellion  
  125  11:22  Cyclone  
  128  11:26  Hellion x2  
  132  11:33  Factory  
  132  11:40  Factory, Hellion x2  
  132  11:41  Hellion  
  132  11:44  Cyclone  
  132  11:46  Supply Depot  
  141  11:49  Supply Depot  
  141  12:01  Orbital Command  
  141  12:02  Refinery  
  141  12:05  Cyclone x2, Refinery  
  147  12:09  Hellion  
  149  12:16  Cyclone  
  149  12:22  Hellion x2  
  154  12:26  Hellion x2  
  158  12:33  Hellion x2, Armory  
  160  12:37  Cyclone  
  160  12:41  SCV  
  164  12:45  SCV x2  
  164  12:48  SCV  
  171  12:57  Factory Tech Lab  
  171  13:02  Factory Tech Lab  
  171  13:10  Hellion x3  
  169  13:17  Starport Reactor  
  169  13:19  Starport  
  169  13:20  SCV x2, Starport  
  169  13:22  SCV  
  169  13:24  Supply Depot  
  169  13:26  Supply Depot  
  172  13:35  Cyclone  
  172  13:53  Hellion x3  
  173  14:00  Hellion  
  154  14:17  Viking x3  
  154  14:18  Viking  
  154  14:19  Cyclone x3  
  154  14:20  Cyclone x2  
  143  14:42  Terran Ship Weapons Level 1  
  143  14:47  Viking x3  
  143  14:48  Viking  
  143  14:51  Cyclone x2  
  143  14:52  Cyclone x2  
  160  15:04  Cyclone  
  162  15:17  Viking x3  
  162  15:18  Viking  
  165  15:23  Cyclone  
  136  15:30  Thor  
  130  15:39  Thor  
  123  15:46  Hellion x4  
  123  15:47  Viking x3  
  123  15:48  Viking  
  122  16:07  Hellion x2  
Tags
 
Add a new tag
Caveats
  • Supply blocks, unpowered buildings, or Contaminate may cause inaccurate times.
  • Supply counts are checked every 10 seconds.